 Dungeon Crawl Stone Soup version 0.17.1-1-g73c8601 (console) character file.

137 Cab the Gusty (level 5, -2/28 HPs)
             Began as a Tengu Air Elementalist on Dec 11, 2015.
             Was a Follower of Vehumet.
             Slain by an ogre
             ... wielding a +0 giant club
              (18 damage)
             ... on level 4 of the Dungeon.
             The game lasted 00:17:07 (2694 turns).

Cab the Gusty (Tengu Air Elementalist)              Turns: 2694, Time: 00:17:07

Health: -2/28      AC:  4    Str:  8    XL:     5   Next: 20%
Magic:  7/10       EV: 12    Int: 16    God:    Vehumet [*.....]
Gold:   81         SH:  0    Dex: 15    Spells: 3 memorised, 4 levels left

rFire  . . .     SeeInvis .     o - +0 war axe
rCold  . . .     Clarity  .     a - +2 robe
rNeg   . . .     SustAt   .     (no shield)
rPois  .         Gourm    .     (helmet restricted)
rElec  .         Spirit   .     (no cloak)
rCorr  .         Warding  .     (no gloves)
rMut   .         Stasis   .     (boots unavailable)
MR     .....                    (no amulet)
Stlth  ++........               (no ring)
                                (no ring)

@: lethally poisoned (-2 -> -15), repel missiles, not resistant to hostile
enchantments, unstealthy
A: beak, talons 3, able to fly 1
a: Fly, Renounce Religion


You were on level 4 of the Dungeon.
You worshipped Vehumet.
Vehumet was aware of your devotion.
You were not hungry.

You visited 1 branch of the dungeon, and saw 4 of its levels.

You collected 81 gold pieces.

Inventory:

Hand Weapons
 m - a +0 short sword of freezing
 o - a +0 war axe (weapon)
Armour
 a - a +2 robe (worn)
Wands
 g - a wand of lightning (9)
Scrolls
 e - a scroll of remove curse {unknown}
 l - a scroll of blinking
Potions
 f - a potion of lignification {unknown}
 h - 2 potions of brilliance
 j - a potion of ambrosia {unknown}
 k - 2 potions of curing {unknown}
 p - a potion of might {unknown}
Books
 b - a book of Air

   Spells                             Type                      Level
   a - Shock                          Conjuration/Air              1
   b - Swiftness                      Charms/Air                   2
   c - Repel Missiles                 Charms/Air                   2
   d - Static Discharge               Conjuration/Air              3
   e - Lightning Bolt                 Conjuration/Air              5
Comestibles
 c - 2 bread rations
 n - a meat ration


   Skills:
 - Level 2.1 Dodging
 - Level 2.0 Stealth
 + Level 3.0 Spellcasting
 + Level 3.0 Conjurations
 * Level 6.1 Air Magic


You had 4 spell levels left.
You knew the following spells:

 Your Spells              Type           Power        Failure   Level  Hunger
a - Shock                 Conj/Air       ###.         3%          1    #......
b - Repel Missiles        Chrm/Air       ##....       10%         2    ##.....
c - Static Discharge      Conj/Air       ###.....     12%         3    ###....


Dungeon Overview and Level Annotations

Branches:
Dungeon (4/15)
 Temple: D:4-7

Altars:
Qazlal
Sif Muna
Vehumet

Annotations:
D:3 Sigmund


Innate Abilities, Weirdness & Mutations

You have a beak for a mouth.
You have claws for feet.
You can fly.


Message History

The worker ant poisons you!
Casting: Shock
Confirm with . or Enter, or press ? or * to list all spells.
Aiming: Shock
Press: ? - help, Shift-Dir - straight line, f/p - worker ant
Aim: a worker ant (heavily wounded)
The zap misses the worker ant.
You feel sick.
The worker ant waves its antennae.
The worker ant bites you.
You barely miss the worker ant.
You claw the worker ant, but do no damage.
You peck the worker ant.
The worker ant is severely wounded.
You hit the ogre.
The ogre is moderately wounded.
You feel sick. The worker ant bites you.
You are more poisoned.
The worker ant poisons you! The ogre hits you with a giant club!!
Ouch! That really hurt!
You die... ∙∙∙▒▒▒ ∙∙∙$∙∙▒▒▒ ∙∙∙∙∙∙∙ ∙∙∙∙∙▒ ∙?∙∙■

▒▒▒▒∙∙∙▒▒
▒∙∙a∙∙∙∙■
▒@∙∙▒
▒O[<▒
▒∙∙∙▒
▒∙∙∙▒▒▒▒
▒▒▒∙ ▒∙
∙∙ ▒▒


You could see an ogre and a worker ant.

Vanquished Creatures
  Ijyb (D:3)
  Robin (D:3)
  2 adders
  3 worms
  4 giant geckos (D:2)
  6 hobgoblins
  10 jackals
  9 kobolds
  A quokka (D:2)
  6 bats
  3 giant newts
  15 goblins
  7 rats
68 creatures vanquished.

Notes
Turn   | Place    | Note
--------------------------------------------------------------
     0 | D:1      | Cab the Tengu Air Elementalist began the quest for the Orb.
     0 | D:1      | Reached XP level 1. HP: 10/10 MP: 4/4
   247 | D:1      | Reached XP level 2. HP: 15/15 MP: 0/6
   283 | D:1      | Learned a level 2 spell: Repel Missiles
  1103 | D:2      | Reached skill level 5 in Air Magic
  1103 | D:2      | Reached XP level 3. HP: 16/19 MP: 2/7
  1742 | D:2      | Found a radiant altar of Vehumet.
  1744 | D:2      | Found a deep blue altar of Sif Muna.
  1900 | D:2      | Reached XP level 4. HP: 24/24 MP: 2/8
  2137 | D:2      | Became a worshipper of Vehumet
  2165 | D:3      | Noticed Robin
  2202 | D:3      | Killed Robin
  2450 | D:3      | Noticed Sigmund
  2505 | D:3      | Learned a level 3 spell: Static Discharge
  2529 | D:3      | Noticed Ijyb
  2547 | D:3      | Killed Ijyb
  2547 | D:3      | Reached skill level 6 in Air Magic
  2547 | D:3      | Gained mutation: You can fly. [Tengu growth]
  2547 | D:3      | Reached XP level 5. HP: 19/28 MP: 2/10
  2590 | D:3      | Found a stormy altar of Qazlal.
  2617 | D:3      | Reached * piety under Vehumet
  2617 | D:3      | Offered knowledge of Sting by Vehumet.
  2688 | D:4      | Noticed an ogre
  2694 | D:4      | Slain by an ogre

Action                   |  1- 3 |  4- 6 || total
-------------------------+-------+-------++-------
Melee: Mace              |    21 |       ||    21
       Short sword       |    14 |    38 ||    52
       War axe           |       |    21 ||    21
 Cast: Shock             |    70 |    39 ||   109
       Repel Missiles    |     1 |     1 ||     2
       Static Discharge  |       |     1 ||     1
  Use: Scroll            |     4 |     6 ||    10
       Potion            |       |     2 ||     2
 Stab: Sleeping          |     2 |     1 ||     3
  Eat: Chunk             |     4 |     2 ||     6
       Bread ration      |       |     1 ||     1
